 Dungeon Crawl Stone Soup version 0.25-a0-156-g0c4bda3fdf (webtiles) character file.

Game seed: 9520954698602944213, levelgen mode: deterministic

6 Esekla the Caller (level 1, 0/15 HPs)
             Began as a Demonspawn Wanderer on Nov 20, 2019.
             Slain by a giant cockroach (1 damage)
             ... on level 1 of the Dungeon.
             The game lasted 00:06:35 (323 turns).

Esekla the Caller (Demonspawn Wanderer)              Turns: 323, Time: 00:06:35

Health: 0/15       AC:  2    Str:  9    XL:     1   Next: 75%
Magic:  0/2        EV: 11    Int: 15    God:
Gold:   12         SH:  0    Dex: 13    Spells: 0/2 levels left

rFire    . . .     SeeInvis .   (no weapon)
rCold    . . .     Gourm    .   (no shield)
rNeg     . . .     Faith    .   e - +0 robe
rPois    .         Spirit   .   (no helmet)
rElec    .         Reflect  .   (no cloak)
rCorr    .         Harm     .   (no gloves)
MR       .....                  (no boots)
Stlth    ++........             (no amulet)
HPRegen  0.05/turn              (no ring)
MPRegen  0.08/turn              (no ring)

@: very slightly contaminated
A: no striking features
a: no special abilities


You were on level 1 of the Dungeon.
You were not hungry.

You visited 1 branch of the dungeon, and saw 2 of its levels.

You collected 12 gold pieces.

Inventory:

Hand Weapons
 a - a +1 hand crossbow
Missiles
 c - 25 bolts
Armour
 e - a +0 robe (worn)
Comestibles
 f - a ration


   Skills:
 + Level 1.1 Fighting
   Level 1.7 Bows
 - Level 1.7 Armour
 - Level 1.0 Stealth
 * Level 1.3 Spellcasting
 * Level 0.7 Conjurations
   Level 2.0 Summonings
   Level 1.0 Evocations


You couldn't memorise any spells.
You knew the following spells:

 Your Spells              Type           Power        Failure   Level  Hunger
a - Apportation           Tloc           #.....       24%         1    ##.....
d - Magic Dart            Conj           #...         19%         1    ##.....

Your spell library contained the following spells:

 Spells                   Type           Power        Failure   Level  Hunger
 Call Imp                 Summ           #.......     16%         2    ###....
 Blink                    Tloc           N/A          34%         2    ###....
 Slow                     Hex            #.......     34%         2    ###....
 Conjure Flame            Conj/Fire      #.......     52%         3    ####...
 Mephitic Cloud           Conj/Pois/Air  #.......     54%         3    ####...
 Gell's Gravitas          Tloc           #.........   56%         3    ####...


Dungeon Overview and Level Annotations

Branches:
Dungeon (2/15)

Altars:

Annotations:
D:1 1 runed translucent door
D:2 Natasha


Message History

* * * LOW HITPOINT WARNING * * *
The giant cockroach barely misses you.
Casting: Magic Dart (safe; 19% risk of failure)
Confirm with . or Enter, or press ? or * to list all spells.
Aiming: Magic Dart (safe; 19% risk of failure)
Press: ? - help, Shift-Dir - straight line, f - hobgoblin
Aim: a hobgoblin The magic dart hits the hobgoblin.
The hobgoblin is heavily wounded.
The giant cockroach bites you but does no damage.
The hobgoblin barely misses you.
Really attack while wielding your +1 hand crossbow?
Okay, then.
You are now empty-handed.
You barely miss the hobgoblin.
The hobgoblin is heavily wounded.
The giant cockroach bites you.
* * * LOW HITPOINT WARNING * * *
The hobgoblin closely misses you. The giant cockroach bites you.
You die...

# # # #.#
#####.# #.#
......# #.#
##.######..
#.#
#.........
#.#
#..#####..
#.# #..#
#s# #..#
####@#
##..#
#..g.#
#...#######
#.####
#.........#
#.#
#...#####.
#.# ##†##
#.# #.# #.#
#.# #.#
#.### #.#


You could see a giant cockroach and a hobgoblin.

Vanquished Creatures
  A dart slug (D:1)
  A goblin (D:1)
  A bat (D:1)
  A frilled lizard (D:1)
  A rat (D:1)
5 creatures vanquished.

Notes
Turn   | Place    | Note
-------+----------+-------------------------------------------
     0 | D:1      | Esekla the Demonspawn Wanderer began the quest for the Orb.
     0 | D:1      | Esekla set off with the following items: a +0 hand
                  | crossbow, 26 bolts, a +0 robe, a ration; and the following
                  | spells available to memorise: Call Imp, Apportation, Magic
                  | Dart, Blink, Slow, Conjure Flame, Gell's Gravitas, Mephitic
                  | Cloud
     0 | D:1      | Reached XP level 1. HP: 15/15 MP: 2/2
     1 | D:1      | Found a runed translucent door.
    18 | D:1      | Learned a level 1 spell: Apportation
    20 | D:1      | Learned a level 1 spell: Magic Dart
   309 | D:2      | Noticed Natasha
   314 | D:2      | Noticed a crimson imp
   323 | D:1      | Slain by a giant cockroach

Levels and vault maps discovered:
D:1:      dpeg_arrival_caged_fury, layout_loops_ring
D:2:      minmay_inner_zag, layout_loops_ring, kennysheep_generic_room_12,
          uniq_robin, uniq_natasha

Action                   || total
-------------------------++-------
Melee: Unarmed           ||     1
 Fire: Hand crossbow     ||     4
 Cast: Magic Dart        ||     8
  Use: Scroll            ||     2
Armor: Robe              ||     9
Dodge: Dodged            ||    30

Table legend:
 A = Non-vault XP
 B = Vault XP
 C = Vault XP percentage of total XP
 D = Non-vault monster count
 E = Vault monster count
 F = Vault count percentage of total count
                 A         B        C        D         E       F
            +---------+---------+-------+---------+---------+-------
      Total |       9 |       0 |   0.0 |       5 |       0 |   0.0
            +---------+---------+-------+---------+---------+-------
        D:1 |       9 |       0 |   0.0 |       5 |       0 |   0.0
            +---------+---------+-------+---------+---------+-------
